 Dungeon Crawl Stone Soup version 0.31.0-9-g3a7656b989 (webtiles) character file.

Game seed: 4797720148563365388

1247 qw the Skirmisher (level 8, -9/40 HPs)
             Began as a Spriggan Hunter on Feb 2, 2024.
             Was an Initiate of Okawaru.
             Mangled by Maggie
             ... wielding a +5 morningstar
              (17 damage)
             ... on level 6 of the Dungeon.
             The game lasted 00:00:14 (4669 turns).

qw the Skirmisher (Spriggan Hunter)                 Turns: 4669, Time: 00:00:15

Health: -9/40      AC:  2    Str:  7    XL:     8   Next: 25%
Magic:  9/9        EV: 23    Int: 11    God:    Okawaru [......]
Gold:   653        SH:  0    Dex: 20    Spells: 7/7 levels left

rFire   + + .        e - +3 hand cannon (heavy)
rCold   . . .        (no shield)
rNeg    . . .        c - +0 robe
rPois   .            (helmet restricted)
rElec   .            (no cloak)
rCorr   .            (gloves unavailable)
SInv    +            (boots unavailable)
Will    +....        (no amulet)
Stlth   ++           d - ring of protection from fire
HPRegen 0.26/turn    j - ring of protection from fire
MPRegen 0.11/turn

%: no passive effects
@: very quick
A: very small, no large weapons, unfitting armour, see invisible, speed 3
a: Renounce Religion


You were on level 6 of the Dungeon.
You worshipped Okawaru.
Okawaru was noncommittal.
You visited 2 branches of the dungeon, and saw 7 of its levels.
You also visited: Sewer.

You collected 839 gold pieces.
You spent 186 gold pieces at shops.


Innate Abilities, Weirdness & Mutations

You are very small and have problems with some larger weapons.
You are too small for most types of armour.
You have supernaturally acute eyesight. (SInv)
You cover ground extremely quickly. (Speed+++)


   Skills:
 - Level 3.0 Fighting
 + Level 8.4 Ranged Weapons
 - Level 8.1 Dodging
 - Level 1.5 Stealth


You had 7 spell levels left.
You didn't know any spells.
Your spell library was empty.

Inventory:

Hand Weapons
 e - a +3 heavy hand cannon (weapon)
Armour
 c - a +0 robe (worn)
Jewellery
 d - a ring of protection from fire (left hand)
 j - a ring of protection from fire (right hand)
 k - an amulet of guardian spirit
Wands
 a - a wand of iceblast (19)
Scrolls
 f - 4 scrolls of teleportation
 n - a scroll of fear {unknown}
Potions
 b - a potion of enlightenment
 g - 4 potions of might
 h - a potion of magic
 i - 2 potions of curing
 l - a potion of cancellation
 m - a potion of berserk rage {unknown}

Dungeon Overview and Level Annotations

Branches:
Dungeon (6/15)             Temple (1/1) D:5           Sewer (visited)

Altars:
Ashenzari
Cheibriados
Dithmenos
Elyvilon
Fedhas
Gozag
Hepliaklqana
Kikubaaqudgha
Makhleb
Nemelex Xobeh
Okawaru
Qazlal
Ru
Sif Muna
Uskayaw
Vehumet
Wu Jian
Xom
Zin
The Shining One

Shops:
D:4 *

Annotations:
D:5 3 runed translucent doors, qw's ghost, novice GrHu
D:6 Maggie


Message History

Maggie the Vainglorious comes into view.
She is wielding a +5 morningstar.
The steam dragon breathes steam at you. The ball of steam hits you! You resist.
The steam dragon moves out of view.
Maggie moves out of view.
You start resting.
4666 ||| ZAPPING wand of iceblast (21) at -3,0 (Maggie; floor).
Aiming: Iceblast
Press: ? - help, Q - select action, (/) - cycle Shift-Dir - straight line, f - Maggie, p - steam dragon The mass of ice explodes!
The iceblast engulfs Maggie.
Maggie is lightly wounded.
The iceblast engulfs the steam dragon!
The steam dragon is almost dead.
Maggie gives herself a magical halo, but it quickly sputters out.
The steam dragon breathes steam at you.
The ball of steam hits Maggie.
Maggie completely resists.
The ball of steam hits you. You resist.
You hear a shout!
4667 ||| ZAPPING wand of iceblast (20) at -2,0 (Maggie; floor).
Aiming: Iceblast
Press: ? - help, Q - select action, (/) - cycle Shift-Dir - straight line, f/p - Maggie The mass of ice explodes!
The iceblast engulfs Maggie!
Maggie is moderately wounded.
You shoot a bolt. The bolt barely misses Maggie.
The bolt hits the steam dragon!
You kill the steam dragon!
Okawaru accepts your kill.
The steam dragon scales are intact enough to wear.
Maggie says, "Did Master Lance send you?"
Maggie mumbles some strange words.
Maggie attempts to bespell you! You resist with almost no effort.
Maggie says, "How do the people who live here stand the isolation?"
Maggie closely misses you.
An iguana comes into view.
You shoot a bolt. The bolt barely misses Maggie.
The bolt hits the bombardier beetle!!
You kill the bombardier beetle!
Okawaru accepts your kill. Maggie hits you with a +5 morningstar!!
Ouch! That really hurt!
Maggie hits you with a +5 morningstar!
You die...

## .. ...#######.####
.^l.[¤@@¤¤.....
...####.#############
#........(....#
#############.# ##
#.# #. #.###. #.....
######


You could see Maggie and an iguana.

Vanquished Creatures
  A wyvern (D:4)
  A steam dragon (D:6)
  Edmund (D:4)
  A crocodile (Sewer)
  A centaur (D:4)
  3 kobold brigands (Sewer)
  3 scorpions
  A bombardier beetle (D:6)
  A hound (D:5)
  2 iguanas (D:5)
  An orc wizard (D:4)
  A gnoll (D:1)
  2 river rats (Sewer)
  8 adders
  A ribbon worm (Sewer)
  2 dart slugs
  11 orcs
  9 ball pythons
  5 bats
  2 endoplasms (Sewer)
  2 giant cockroaches (D:4)
  7 goblins
  3 hobgoblins
  9 kobolds
  5 quokkas
  3 frilled lizards
  2 rats
88 creatures vanquished.

Notes
Turn   | Place    | Note
-------+----------+-------------------------------------------
     0 | D:1      | qw the Spriggan Hunter began the quest for the Orb.
     0 | D:1      | Reached XP level 1. HP: 10/10 MP: 2/2
     0 | D:1      | 0 ||| qw: Version: 0.3-a-155-g5e7d8dd
     0 | D:1      | 0 ||| qw: Game counter: 668
     0 | D:1      | 0 ||| qw: Melee chars always use a shield: true
     0 | D:1      | 0 ||| qw: God list: Okawaru
     0 | D:1      | 0 ||| qw: Allow faded altars: false
     0 | D:1      | 0 ||| qw: Do Orc after clearing Dungeon:15 true
     0 | D:1      | 0 ||| qw: Do second Lair branch before Depths: true
     0 | D:1      | 0 ||| qw: Lair rune preference: random
     0 | D:1      | 0 ||| qw: Goals: Normal
     0 | D:1      | 0 ||| PLANNING D:1-11
   108 | D:1      | Reached skill level 3 in Dodging
   210 | D:1      | Reached XP level 2. HP: 14/14 MP: 3/3
   816 | D:1      | 816 ||| READING scroll labelled WESIROC EFUL.
   816 | D:1      | 816 ||| IDENTIFYING golden potion
   817 | D:1      | 817 ||| READING scroll labelled GIONAP QEOR REOMM.
   918 | D:1      | 918 ||| READING 2 scrolls labelled ETIQAH UDUO.
   921 | D:1      | 921 ||| READING scroll labelled PESETI OWIAMN.
   922 | D:1      | 922 ||| READING scroll labelled HES VUUGOB.
   922 | D:1      | 922 ||| ENCHANTING +0 shortbow.
   923 | D:1      | 923 ||| READING scroll labelled JUDDIGUA YTHO.
   924 | D:1      | 924 ||| DRINKING 2 bubbling silvery potions.
   965 | D:1      | 965 ||| DROPPING scroll of butterflies.
   966 | D:1      | 966 ||| DROPPING potion of lignification.
  1078 | D:2      | Reached XP level 3. HP: 9/18 MP: 4/4
  1404 | D:2      | 1404 ||| UPGRADING to amulet of guardian spirit.
  1409 | D:2      | 1409 ||| READING 3 scrolls labelled WEJ QELLIQYOF.
  1410 | D:2      | 1410 ||| READING scroll labelled VONLUFOTAL.
  1411 | D:2      | 1411 ||| READING scroll labelled NEMUID HURHEO.
  1412 | D:2      | 1412 ||| READING scroll labelled ROOLES ABOCEKK.
  1412 | D:2      | 1412 ||| ENCHANTING +1 shortbow.
  1413 | D:2      | 1413 ||| DROPPING 2 scrolls of noise.
  1429 | D:3      | 1429 ||| PLANNING SEWER
  1433 | D:3      | 1433 ||| STAIRDANCE
  1452 | D:3      | Found a broken altar of Ashenzari.
  1637 | D:3      | Reached XP level 4. HP: 22/22 MP: 5/5
  1654 | D:3      | 1654 ||| READING scroll of enchant weapon.
  1654 | D:3      | 1654 ||| ENCHANTING +1 shortbow.
  1992 | D:3      | Identified the +1 trident "Hivucem" {vamp, rF+ Str+2
                  | Stlth+}
  2014 | D:3      | Found a glowing drain.
  2015 | D:3      | 2015 ||| READING scroll of identify.
  2015 | D:3      | 2015 ||| IDENTIFYING murky orange potion
  2016 | D:3      | 2016 ||| READING scroll labelled DUACLI NEHIXZE.
  2016 | D:3      | Identified a scroll of acquirement
  2016 | D:3      | 2016 ||| ACQUIRING 579 gold pieces
  2016 | D:3      | Acquired 579 gold pieces
  2023 | Sewer    | Entered a sewer
  2073 | Sewer    | 2073 ||| READING scroll of acquirement.
  2073 | Sewer    | 2073 ||| ACQUIRING +2 heavy hand cannon
  2073 | Sewer    | Acquired a +2 heavy hand cannon
  2075 | Sewer    | 2075 ||| SWAPPING to +2 heavy hand cannon.
  2076 | Sewer    | 2076 ||| DROPPING +2 shortbow.
  2089 | Sewer    | Noticed a kobold brigand
  2091 | Sewer    | 2091 ||| DRINKING 2 potions of haste.
  2098 | Sewer    | Killed a kobold brigand
  2099 | Sewer    | Reached XP level 5. HP: 12/28 MP: 6/6
  2229 | Sewer    | 2229 ||| READING scroll of enchant weapon.
  2229 | Sewer    | 2229 ||| ENCHANTING +2 heavy hand cannon.
  2253 | Sewer    | Reached XP level 6. HP: 32/32 MP: 7/7
  2320 | Sewer    | Reached skill level 6 in Ranged Weapons
  2338 | Sewer    | Reached skill level 6 in Dodging
  2416 | Sewer    | 2416 ||| READING scroll of identify.
  2416 | Sewer    | 2416 ||| IDENTIFYING murky blue potion
  2417 | Sewer    | 2417 ||| READING scroll labelled PIS XEORIUW.
  2418 | Sewer    | 2418 ||| DRINKING 2 emerald potions.
  2419 | Sewer    | 2419 ||| DROPPING potion of degeneration.
  2431 | D:3      | 2431 ||| PLANNING D:1-11
  2788 | D:4      | Reached XP level 7. HP: 35/35 MP: 8/8
  2927 | D:4      | 2927 ||| FLEEEEING.
  2928 | D:4      | 2928 ||| FLEEEEING.
  2929 | D:4      | 2929 ||| FLEEEEING.
  2931 | D:4      | 2931 ||| FLEEEEING.
  2932 | D:4      | 2932 ||| FLEEEEING.
  2933 | D:4      | 2933 ||| FLEEEEING.
  3010 | D:4      | Noticed Edmund
  3014 | D:4      | Killed Edmund
  3183 | D:4      | Found a hazy altar of Hepliaklqana.
  3585 | D:4      | Noticed a wyvern
  3589 | D:4      | 3589 ||| DRINKING potion of haste.
  3591 | D:4      | Killed a wyvern
  3620 | D:4      | Found Berullet's Assorted Antiques.
  3630 | D:4      | 3630 ||| BUYING fizzy coppery potion (17 gold).
  3630 | D:4      | Bought a fizzy coppery potion for 17 gold pieces
  3630 | D:4      | 3630 ||| BUYING grey potion (17 gold).
  3630 | D:4      | Bought a grey potion for 17 gold pieces
  3630 | D:4      | 3630 ||| BUYING scroll labelled COBLIE VUERE (19 gold).
  3630 | D:4      | Bought a scroll labelled COBLIE VUERE for 19 gold pieces
  3630 | D:4      | 3630 ||| BUYING scroll of identify (38 gold).
  3630 | D:4      | Bought a scroll of identify for 38 gold pieces
  3630 | D:4      | 3630 ||| BUYING scroll of identify (38 gold).
  3630 | D:4      | Bought a scroll of identify for 38 gold pieces
  3630 | D:4      | 3630 ||| BUYING scroll of teleportation (57 gold).
  3630 | D:4      | Bought a scroll of teleportation for 57 gold pieces
  3735 | D:4      | 3735 ||| UPGRADING to ring of protection from fire.
  3736 | D:4      | 3736 ||| READING 2 scrolls of identify.
  3736 | D:4      | 3736 ||| IDENTIFYING fizzy coppery potion
  3737 | D:4      | 3737 ||| READING scroll of identify.
  3737 | D:4      | 3737 ||| IDENTIFYING fuming blue potion
  3738 | D:4      | 3738 ||| READING scroll labelled COBLIE VUERE.
  3739 | D:4      | 3739 ||| DRINKING 3 grey potions.
  3740 | D:4      | 3740 ||| DROPPING potion of brilliance.
  3741 | D:4      | 3741 ||| DROPPING potion of attraction.
  3777 | D:5      | Entered Level 5 of the Dungeon
  3822 | D:5      | Noticed qw's ghost (novice GrHu)
  3858 | D:5      | Found a runed translucent gate.
  3858 | D:5      | Found a runed translucent gate.
  3858 | D:5      | Found a runed translucent gate.
  3863 | D:5      | Reached XP level 8. HP: 39/39 MP: 9/9
  3883 | D:5      | Found a staircase to the Ecumenical Temple.
  3884 | D:5      | 3884 ||| PLANNING TEMPLE
  3884 | D:5      | 3884 ||| UPGRADING to ring of protection from fire.
  3894 | Temple   | Entered the Ecumenical Temple
  3895 | Temple   | 3895 ||| PLANNING OKAWARU WORSHIP
  3904 | Temple   | Became a worshipper of Warmaster Okawaru
  3905 | Temple   | 3905 ||| PLANNING D:1-11
  3905 | Temple   | 3905 ||| REMOVING amulet of guardian spirit.
  4198 | D:5      | Reached skill level 3 in Fighting
  4504 | D:5      | 4504 ||| READING 2 scrolls of identify.
  4504 | D:5      | 4504 ||| IDENTIFYING clear potion
  4505 | D:5      | 4505 ||| READING scroll of identify.
  4505 | D:5      | 4505 ||| IDENTIFYING bubbling green potion
  4664 | D:6      | Noticed Maggie
  4666 | D:6      | 4666 ||| ZAPPING wand of iceblast (21) at -3,0 (Maggie;
                  | floor).
  4667 | D:6      | 4667 ||| ZAPPING wand of iceblast (20) at -2,0 (Maggie;
                  | floor).
  4669 | D:6      | HP: 8/40 [Maggie/+5 morningstar (22)]
  4669 | D:6      | Mangled by Maggie

Levels and vault maps discovered:
D:1:      dpeg_arrival_rooms_b, layout_basic
D:2:      layout_rooms
D:3:      layout_loops_ring, ashenzari_altar_1, serial_rivers,
          chequers_serial_rivers_small_b, chequers_serial_rivers_micro_e,
          chequers_serial_rivers_marsh, chequers_serial_rivers_room_b,
          chequers_serial_rivers_micro_b, portal_sewer_entry_e
D:4:      layout_layer_cave, nicolae_hepliaklqana_hazy_memory, serial_shops,
          nicolae_shop_tiny_glass, item_on_display_a, uniq_edmund
D:5:      layout_basic, minmay_temple_entry_arrows, gammafunk_ghost_icy
D:6:      layout_basic, mainiacjoe_overflow_big_doors, uniq_maggie
Temple:   mainiacjoe_temple_bowtie_tessellation

Skill      XL: |  1  2  3  4  5  6  7  8 |
---------------+-------------------------+-----
Dodging        | 3 4 5 6 7 8 |  8.1
Ranged Weapons | 5 6 7 8 |  8.4
Fighting       | 2 3 |  3.0
Stealth        | |  1.5

Action                     |  1- 3 |  4- 6 |  7- 9 || total
---------------------------+-------+-------+-------++-------
   Fire: Shortbow          |    81 |    28 |       ||   109
         Hand cannon       |       |    41 |    30 ||    71
  Evoke: Wand              |       |       |     2 ||     2
    Use: Scroll            |    10 |     7 |     5 ||    22
         Potion            |     1 |     2 |     2 ||     5
 Armour: Robe              |    13 |     5 |     7 ||    25
  Dodge: Dodged            |    21 |    24 |     7 ||    52

Table legend:
 A = Non-vault XP
 B = Vault XP
 C = Vault XP percentage of total XP
 D = Non-vault monster count
 E = Vault monster count
 F = Vault count percentage of total count
                 A         B        C        D         E       F
            +---------+---------+-------+---------+---------+-------
      Total |    1139 |     691 |  37.8 |      65 |      23 |  26.1
            +---------+---------+-------+---------+---------+-------
        D:1 |      32 |       0 |   0.0 |      11 |       0 |   0.0
        D:2 |      39 |       0 |   0.0 |       8 |       0 |   0.0
        D:3 |      47 |       0 |   0.0 |      21 |       0 |   0.0
        D:4 |     559 |     173 |  23.6 |      15 |       1 |   6.2
        D:5 |     227 |       0 |   0.0 |       8 |       0 |   0.0
        D:6 |     235 |       0 |   0.0 |       2 |       0 |   0.0
      Sewer |       0 |     518 | 100.0 |       0 |      22 | 100.0
            +---------+---------+-------+---------+---------+-------
